TOP OF THE 1ST |
Houston Astros batting - Pitching for Minnesota Twins : LHP Clayton Richard
|
Pitching: LHP Clayton Richard
|
|
Batting: LHB Bradley Zimmer
|
0-0: Ball 1-0: Called Strike 1-1: Called Strike 1-2: Strikes out swinging
|
Batting: RHB Josh Harrison
|
0-0: SINGLE (Groundball, 6MD)
|
Batting: RHB Xander Bogaerts
|
0-0: Called Strike 0-1: Called Strike 0-2: SINGLE (Groundball, 56D) Josh Harrison to second
|
Batting: RHB Welington Castillo
|
0-0: Foul Ball, location: 2F 0-1: Fly out, F9 (Flyball, 9S)
|
Batting: LHB Dominic Smith
|
0-0: Ball 1-0: Called Strike 1-1: Fly out, F9 (Flyball, 89D)
|
Top of the 1st over - 0 runs, 2 hits, 0 errors, 2 left on base; Houston 0 - Minnesota 0 |
BOTTOM OF THE 1ST |
Minnesota Twins batting - Pitching for Houston Astros : LHP Hyun-jin Ryu
|
Pitching: LHP Hyun-jin Ryu
|
|
Batting: RHB Ian Kinsler
|
0-0: Foul Ball, location: 2F 0-1: Swinging Strike 0-2: Strikes out swinging
|
Batting: RHB Whit Merrifield
|
0-0: Called Strike 0-1: Foul Ball, location: 2F 0-2: Ball 1-2: Ground out 4-3 (Groundball, 4)
|
Batting: LHB Freddie Freeman
|
0-0: Called Strike 0-1: Ball 1-1: Called Strike 1-2: Foul Ball, location: 2F 1-2: Ball 2-2: Foul Ball, location: 2F 2-2: Foul Ball, location: 2F 2-2: Fly out, F9 (Flyball, 89M)
|
Bottom of the 1st over - 0 runs, 0 hits, 0 errors, 0 left on base; Houston 0 - Minnesota 0 |
TOP OF THE 2ND |
Houston Astros batting - Pitching for Minnesota Twins : LHP Clayton Richard
|
Batting: LHB Colin Moran
|
0-0: Called Strike 0-1: Ball 1-1: Called Strike 1-2: Ball 2-2: Ball 3-2: SINGLE (Line Drive, 78S)
|
Batting: LHB Gregory Polanco
|
0-0: Foul Ball, location: 2F 0-1: Ball 1-1: SINGLE (Line Drive, 8LS) Colin Moran to second
|
Batting: RHB Teoscar Hernandez
|
0-0: Called Strike 0-1: Ball 1-1: Ball 2-1: Foul Ball, location: 2F 2-2: SINGLE (Line Drive, 89S) Colin Moran to third Gregory Polanco to second
|
Batting: LHB D.J. Stewart
|
0-0: Ball 1-0: Called Strike 1-1: Ball 2-1: Grounds into fielders choice 2-2 (Groundball, 13S) Gregory Polanco to third Teoscar Hernandez to second
|
Batting: LHB Bradley Zimmer
|
0-0: Ball 1-0: GRAND SLAM HOME RUN (Flyball, 8RXD), Distance : 429 ft
|
Batting: RHB Josh Harrison
|
0-0: Ball 1-0: Swinging Strike 1-1: Fly out, F8 (Flyball, 8RM)
|
Batting: RHB Xander Bogaerts
|
0-0: Foul Ball, location: 2F 0-1: Ball 1-1: Called Strike 1-2: Ball 2-2: Fly out, F9 (Flyball, 89M)
|
Top of the 2nd over - 4 runs, 4 hits, 0 errors, 0 left on base; Houston 4 - Minnesota 0 |
BOTTOM OF THE 2ND |
Minnesota Twins batting - Pitching for Houston Astros : LHP Hyun-jin Ryu
|
Batting: RHB Avisail Garcia
|
0-0: Ball 1-0: Ground out 5-3 (Groundball, 56)
|
Batting: RHB Maikel Franco
|
0-0: Swinging Strike 0-1: Ball 1-1: Swinging Strike 1-2: Foul Ball, location: 2F 1-2: Ground out 1-3 (Groundball, 25)
|
Batting: SHB Kendrys Morales
|
0-0: Ball 1-0: SOLO HOME RUN (Flyball, 7D), Distance : 373 ft
|
Batting: RHB Adam Jones
|
0-0: SOLO HOME RUN (Flyball, 89XD), Distance : 418 ft
|
Batting: RHB Chris Iannetta
|
0-0: SINGLE (Flyball, 7LS)
|
Batting: RHB Miguel Rojas
|
0-0: Called Strike 0-1: Ball Wild Pitch! Chris Iannetta to second 1-1: Ball 2-1: Foul Ball, location: 2F 2-2: Ball 3-2: Fly out, F5 (Line Drive, 5)
|
Bottom of the 2nd over - 2 runs, 3 hits, 0 errors, 1 left on base; Houston 4 - Minnesota 2 |
TOP OF THE 3RD |
Houston Astros batting - Pitching for Minnesota Twins : LHP Clayton Richard
|
Batting: RHB Welington Castillo
|
0-0: Called Strike 0-1: Ball 1-1: Ball 2-1: SINGLE (Groundball, 34D)
|
Batting: LHB Dominic Smith
|
0-0: Foul Ball, location: 2F 0-1: Ball 1-1: Fly out, F9 (Flyball, 9LSF)
|
Batting: LHB Colin Moran
|
0-0: Ball Error on foul ball, E5 1-1: 2-RUN HOME RUN (Flyball, 9D), Distance : 394 ft
|
Batting: LHB Gregory Polanco
|
0-0: Swinging Strike 0-1: Ball 1-1: Swinging Strike 1-2: Strikes out swinging
|
Batting: RHB Teoscar Hernandez
|
0-0: Ball 1-0: Foul Ball, location: 2F 1-1: Ball 2-1: Foul Ball, location: 2F 2-2: Strikes out swinging
|
Top of the 3rd over - 2 runs, 2 hits, 1 error, 0 left on base; Houston 6 - Minnesota 2 |
BOTTOM OF THE 3RD |
Minnesota Twins batting - Pitching for Houston Astros : LHP Hyun-jin Ryu
|
Batting: RHB Ian Kinsler
|
0-0: Called Strike 0-1: Ball 1-1: Called Strike 1-2: Fly out, F5 (Popup, 5F)
|
Batting: RHB Whit Merrifield
|
0-0: Ball 1-0: Ground out 6-3 (Groundball, 6)
|
Batting: LHB Freddie Freeman
|
0-0: Foul Ball, location: 2F 0-1: Foul Ball, location: 2F 0-2: Ball 1-2: Ground out 6-3 (Groundball, 56)
|
Bottom of the 3rd over - 0 runs, 0 hits, 0 errors, 0 left on base; Houston 6 - Minnesota 2 |
TOP OF THE 4TH |
Houston Astros batting - Pitching for Minnesota Twins : LHP Clayton Richard
|
Batting: LHB D.J. Stewart
|
0-0: Called Strike 0-1: Called Strike 0-2: Ball 1-2: Ball 2-2: Ball 3-2: Base on Balls
|
Batting: LHB Bradley Zimmer
|
0-0: Called Strike 0-1: Grounds out, U3 (Groundball, 3L)
|
Batting: RHB Josh Harrison
|
0-0: Called Strike D.J. Stewart steals 3rd base 0-1: Called Strike 0-2: Reached on error, E6 (Groundball, 6) D.J. Stewart scores
|
Pitching: RHP Matt Harvey
|
|
Batting: RHB Xander Bogaerts
|
0-0: Ball 1-0: Foul Ball, location: 2F 1-1: Ball 2-1: Swinging Strike 2-2: Foul Ball, location: 2F 2-2: Foul Ball, location: 2F 2-2: Ball 3-2: Strikes out swinging
|
Batting: RHB Welington Castillo
|
0-0: Ball 1-0: Called Strike 1-1: Ball 2-1: Ground out 4-3 (Groundball, 4)
|
Top of the 4th over - 1 run, 0 hits, 1 error, 1 left on base; Houston 7 - Minnesota 2 |
BOTTOM OF THE 4TH |
Minnesota Twins batting - Pitching for Houston Astros : LHP Hyun-jin Ryu
|
Batting: RHB Avisail Garcia
|
0-0: Fly out, F7 (Flyball, 7D)
|
Batting: RHB Maikel Franco
|
0-0: Ball 1-0: Fly out, F8 (Flyball, 8RXD)
|
Batting: SHB Kendrys Morales
|
0-0: Ball 1-0: Called Strike 1-1: DOUBLE (Line Drive, 7LM)
|
Batting: RHB Adam Jones
|
0-0: Ground out 5-3 (Groundball, 5L)
|
Bottom of the 4th over - 0 runs, 1 hit, 0 errors, 1 left on base; Houston 7 - Minnesota 2 |
TOP OF THE 5TH |
Houston Astros batting - Pitching for Minnesota Twins : RHP Matt Harvey
|
Batting: LHB Dominic Smith
|
0-0: Foul Ball, location: 2F 0-1: Ball 1-1: Fly out, F9 (Flyball, 9S)
|
Batting: LHB Colin Moran
|
0-0: Called Strike 0-1: Ball 1-1: Swinging Strike 1-2: Ball 2-2: SINGLE (Line Drive, 89M)
|
Batting: LHB Gregory Polanco
|
0-0: Ball 1-0: Foul Ball, location: 2F 1-1: Foul Ball, location: 2F 1-2: Ball 2-2: Fly out, F8 (Flyball, 89D)
|
Batting: RHB Teoscar Hernandez
|
0-0: Ball 1-0: Ground out 4-3 (Groundball, 4)
|
Top of the 5th over - 0 runs, 1 hit, 0 errors, 1 left on base; Houston 7 - Minnesota 2 |
BOTTOM OF THE 5TH |
Minnesota Twins batting - Pitching for Houston Astros : LHP Hyun-jin Ryu
|
Batting: RHB Chris Iannetta
|
0-0: Called Strike 0-1: Ball 1-1: Ball 2-1: Ball 3-1: Base on Balls
|
Batting: RHB Miguel Rojas
|
0-0: Called Strike 0-1: Ball 1-1: Swinging Strike 1-2: Ball 2-2: Grounds into double play, 5-4-3 (Groundball, 5)
|
Batting: RHB Ian Kinsler
|
0-0: SINGLE (Groundball, 56D)
|
Batting: RHB Whit Merrifield
|
0-0: Called Strike 0-1: Ball 1-1: Ball 2-1: Ball 3-1: Foul Ball, location: 2F 3-2: Foul Ball, location: 2F 3-2: Strikes out swinging
|
Bottom of the 5th over - 0 runs, 1 hit, 0 errors, 1 left on base; Houston 7 - Minnesota 2 |
TOP OF THE 6TH |
Houston Astros batting - Pitching for Minnesota Twins : RHP Matt Harvey
|
Batting: LHB D.J. Stewart
|
0-0: Called Strike 0-1: SINGLE (Groundball, 6MS) (infield hit)
|
Pitching: RHP Reynaldo Lopez
|
|
Batting: LHB Bradley Zimmer
|
0-0: Called Strike 0-1: Ball 1-1: Ball 2-1: Swinging Strike 2-2: Strikes out swinging
|
Batting: RHB Josh Harrison
|
0-0: Foul Ball, location: 2F 0-1: Ball 1-1: Fielders Choice at 2nd, 5-4 (Groundball, 5L)
|
Batting: RHB Xander Bogaerts
|
0-0: Called Strike 0-1: Foul Ball, location: 2F 0-2: Hit by Pitch Josh Harrison to second
|
Batting: RHB Welington Castillo
|
0-0: Fielders Choice at 2nd, 5-4 (Groundball, 56)
|
Top of the 6th over - 0 runs, 1 hit, 0 errors, 2 left on base; Houston 7 - Minnesota 2 |
BOTTOM OF THE 6TH |
Minnesota Twins batting - Pitching for Houston Astros : LHP Hyun-jin Ryu
|
Batting: LHB Freddie Freeman
|
0-0: Ball 1-0: Ball 2-0: Called Strike 2-1: Ball 3-1: Base on Balls
|
Batting: RHB Avisail Garcia
|
0-0: Ball 1-0: Called Strike 1-1: Swinging Strike 1-2: Strikes out swinging
|
Batting: RHB Maikel Franco
|
0-0: Ball 1-0: Grounds into double play, 6-4-3 (Groundball, 56)
|
Bottom of the 6th over - 0 runs, 0 hits, 0 errors, 0 left on base; Houston 7 - Minnesota 2 |
TOP OF THE 7TH |
Houston Astros batting - Pitching for Minnesota Twins : RHP Reynaldo Lopez
|
Batting: LHB Dominic Smith
|
0-0: DOUBLE (Flyball, 89D)
|
Batting: LHB Colin Moran
|
0-0: Ball 1-0: Ball 2-0: Called Strike 2-1: Fly out, F8 (Flyball, 8LS)
|
Batting: LHB Gregory Polanco
|
0-0: Foul Ball, location: 2F 0-1: Ball 1-1: Ground out 4-3 (Groundball, 4M) Dominic Smith to third
|
Batting: RHB Teoscar Hernandez
|
0-0: SINGLE (Groundball, 56D) Dominic Smith scores
|
Batting: LHB D.J. Stewart
|
0-0: Ball 1-0: Called Strike 1-1: Called Strike 1-2: Strikes out swinging
|
Top of the 7th over - 1 run, 2 hits, 0 errors, 1 left on base; Houston 8 - Minnesota 2 |
BOTTOM OF THE 7TH |
Minnesota Twins batting - Pitching for Houston Astros : LHP Hyun-jin Ryu
|
Batting: SHB Kendrys Morales
|
0-0: Ball 1-0: Fly out, F9 (Flyball, 9LSF)
|
Batting: RHB Adam Jones
|
0-0: Ground out 6-3 (Groundball, 6S)
|
Batting: RHB Chris Iannetta
|
0-0: Called Strike 0-1: Ball 1-1: Foul Ball, location: 2F 1-2: Foul Ball, location: 2F 1-2: Ball 2-2: Ball 3-2: SOLO HOME RUN (Line Drive, 7D), Distance : 368 ft
|
Batting: RHB Miguel Rojas
|
0-0: Fly out, F8 (Flyball, 8RM)
|
Bottom of the 7th over - 1 run, 1 hit, 0 errors, 0 left on base; Houston 8 - Minnesota 3 |
TOP OF THE 8TH |
Houston Astros batting - Pitching for Minnesota Twins : RHP Reynaldo Lopez
|
Batting: LHB Bradley Zimmer
|
0-0: Ground out 4-3 (Groundball, 4)
|
Batting: RHB Josh Harrison
|
0-0: SINGLE (Line Drive, 7S)
|
Batting: RHB Xander Bogaerts
|
0-0: Called Strike 0-1: Ball 1-1: Ball 2-1: DOUBLE (Flyball, 78D) Josh Harrison to third Runner from 3rd tries for Home, SAFE, no throw
|
Batting: RHB Welington Castillo
|
0-0: Ball 1-0: DOUBLE (Flyball, 78D) Xander Bogaerts scores
|
Batting: LHB Dominic Smith
|
0-0: Ball 1-0: Ball 2-0: Called Strike 2-1: Ball 3-1: Base on Balls
|
Batting: LHB Colin Moran
|
0-0: Called Strike 0-1: Ball 1-1: Ball 2-1: Swinging Strike 2-2: Ball 3-2: Foul Ball, location: 2F 3-2: Foul Ball, location: 2F 3-2: Strikes out swinging
|
Batting: LHB Gregory Polanco
|
0-0: Ball 1-0: Swinging Strike 1-1: Ball 2-1: Foul Ball, location: 2F 2-2: Foul Ball, location: 2F 2-2: Fly out, F7 (Flyball, 78M)
|
Top of the 8th over - 2 runs, 3 hits, 0 errors, 2 left on base; Houston 10 - Minnesota 3 |
BOTTOM OF THE 8TH |
Minnesota Twins batting - Pitching for Houston Astros : LHP Hyun-jin Ryu
|
Pitching: LHP Chris Rusin
|
|
Batting: RHB Ian Kinsler
|
0-0: Ball 1-0: Foul Ball, location: 2F 1-1: Fly out, F8 (Flyball, 78M)
|
Batting: RHB Whit Merrifield
|
0-0: Ground out 4-3 (Groundball, 4M)
|
Batting: LHB Freddie Freeman
|
0-0: Called Strike 0-1: Ball 1-1: Called Strike 1-2: Foul Ball, location: 2F 1-2: Ball 2-2: Fly out, F7 (Flyball, 7S)
|
Bottom of the 8th over - 0 runs, 0 hits, 0 errors, 0 left on base; Houston 10 - Minnesota 3 |
TOP OF THE 9TH |
Houston Astros batting - Pitching for Minnesota Twins : RHP Reynaldo Lopez
|
Pitching: RHP Alex Meyer
|
|
Batting: RHB Teoscar Hernandez
|
0-0: Called Strike 0-1: Ground out 6-3 (Groundball, 6)
|
Batting: LHB D.J. Stewart
|
0-0: Called Strike 0-1: Swinging Strike 0-2: Strikes out looking
|
Batting: LHB Bradley Zimmer
|
0-0: Ball 1-0: Fly out, F8 (Flyball, 8LM)
|
Top of the 9th over - 0 runs, 0 hits, 0 errors, 0 left on base; Houston 10 - Minnesota 3 |
BOTTOM OF THE 9TH |
Minnesota Twins batting - Pitching for Houston Astros : LHP Chris Rusin
|
Batting: RHB Avisail Garcia
|
0-0: Foul Ball, location: 2F 0-1: Called Strike 0-2: Ball 1-2: Foul Ball, location: 2F 1-2: Foul Ball, location: 2F 1-2: Ball 2-2: Foul Ball, location: 2F 2-2: Foul Ball, location: 2F 2-2: Ball 3-2: Foul Ball, location: 2F 3-2: Ground out 5-3 (Groundball, 56)
|
Batting: RHB Maikel Franco
|
0-0: Called Strike 0-1: Foul Ball, location: 2F 0-2: Ball 1-2: DOUBLE (Flyball, 78D)
|
Batting: SHB Kendrys Morales
|
0-0: Foul Ball, location: 2F 0-1: DOUBLE (Flyball, 78XD) Maikel Franco scores
|
Pitching: RHP Paul Sewald
|
|
Batting: RHB Adam Jones
|
0-0: Ball 1-0: Swinging Strike 1-1: Swinging Strike 1-2: Strikes out swinging
|
Batting: RHB Chris Iannetta
|
0-0: Ball 1-0: Called Strike 1-1: Foul Ball, location: 2F 1-2: Strikes out swinging
|
Bottom of the 9th over - 1 run, 2 hits, 0 errors, 1 left on base; Houston 10 - Minnesota 4 |
|